 Dungeon Crawl Stone Soup version 0.25-a0-413-g3b4b6a4ccc (webtiles) character file.

Game seed: 4772305504519547959, levelgen mode: deterministic

10082 GameOver the Basher (level 11, 93/93 HPs)
             Began as a Naga Wizard on Nov 27, 2019.
             Was an Elder of Kikubaaqudgha.
             Got out of the dungeon alive.
             The game lasted 00:52:53 (7914 turns).

GameOver the Basher (Naga Wizard)                   Turns: 7914, Time: 00:52:54

Health: 93/93      AC: 11    Str:  9    XL:     11   Next: 56%
Magic:  15/15      EV:  8    Int: 22    God:    Kikubaaqudgha [****..]
Gold:   441        SH:  6    Dex: 10    Spells: 4/16 levels left

rFire    . . .     SeeInvis +   D - +7 flail of Valiance {crush, MR+}
rCold    . . .     Gourm    .   (no shield)
rNeg     . . .     Faith    .   a - +0 robe
rPois    +         Spirit   .   b - +0 hat
rElec    .         Reflect  +   x - +0 cloak
rCorr    .         Harm     .   (no gloves)
MR       ++...                  t - +0 naga barding
Stlth    +++.......             n - +6 amulet of reflection
HPRegen  0.25/turn              (no ring)
MPRegen  0.14/turn              (no ring)

@: very slow
A: large, see invisible, deformed body, poison resistance, slowness 2, slow
metabolism 1, spit poison 1, AC +3
a: Spit Poison, Receive Corpses, Renounce Religion


You escaped.
You worshipped Kikubaaqudgha.
Kikubaaqudgha was greatly pleased with you.
You were hungry.

You visited 2 branches of the dungeon, and saw 11 of its levels.

You collected 532 gold pieces.
You spent 91 gold pieces at shops.

Inventory:

Hand Weapons
 e - a +0 club {Bob}
 k - a +0 triple crossbow
 y - a +3 quarterstaff of chaos
 D - the +7 flail of Valiance (weapon) {crush, MR+}
   (You found it on level 4 of the Dungeon)

   It inflicts extra damage upon your enemies.
   It affects your resistance to hostile enchantments.
Missiles
 l - 27 bolts
Armour
 a - a +0 robe (worn)
 b - a +0 hat (worn)
 t - a +0 naga barding (worn)
 x - a +0 cloak (worn)
 I - a +0 buckler
Jewellery
 n - a +6 amulet of reflection (around neck)
 u - an uncursed amulet of rage {unknown}
Wands
 v - a wand of scattershot (5)
Scrolls
 c - 4 scrolls of remove curse {unknown}
 h - a scroll of enchant weapon {unknown}
 j - a scroll of identify
 m - 2 scrolls of fog
 r - 6 scrolls of teleportation
 z - 3 scrolls of amnesia
 A - a scroll of immolation
 B - 2 scrolls of blinking
 G - a scroll of magic mapping {unknown}
 H - a scroll of enchant armour {unknown}
 J - 3 scrolls of random uselessness {unknown}
Potions
 f - 2 potions of ambrosia {unknown}
 g - a potion of haste {unknown}
 i - a potion of mutation
 o - 2 potions of lignification
 p - 2 potions of heal wounds {unknown}
 q - a potion of magic {unknown}
 s - 4 potions of curing
 w - 2 potions of flight {unknown}
 C - a potion of invisibility {unknown}
 E - a potion of might {unknown}
Comestibles
 d - 16 rations


   Skills:
 + Level 4.8 Fighting
 * Level 10.0 Maces & Flails
 - Level 6.2 Armour
 - Level 1.5 Dodging
 - Level 6.1 Stealth
 - Level 3.0 Spellcasting
 + Level 6.4 Conjurations
 - Level 4.0 Charms
   Level 1.0 Summonings
 + Level 6.3 Necromancy
 - Level 1.0 Translocations
 - Level 6.2 Poison Magic


You had 4 spell levels left.
You knew the following spells:

 Your Spells              Type           Power        Failure   Level  Hunger
a - Magic Dart            Conj           ####         1%          1    None
b - Blink                 Tloc           N/A          12%         2    ##.....
d - Mephitic Cloud        Conj/Pois/Air  ###.....     7%          3    ###....
f - Conjure Flame         Conj/Fire      ###.....     10%         3    ###....
x - Regeneration          Chrm/Necr      ####......   4%          3    ###....

Your spell library contained the following spells:

 Spells                   Type           Power        Failure   Level  Hunger
 Animate Skeleton         Necr           N/A          1%          1    None
 Pain                     Necr           ####         1%          1    None
 Sublimation of Blood     Necr           ####......   1%          2    ##.....
 Dispel Undead            Necr           ####....     10%         4    ####...
 Call Imp                 Summ           #.......     12%         2    ##.....
 Slow                     Hex            #.......     19%         2    ##.....
 Excruciating Wounds      Chrm/Necr      ####......   38%         5    ######.
 Death Channel            Necr           ####......   82%         6    #######
 Simulacrum               Ice/Necr       ###.......   99%         6    #######


Dungeon Overview and Level Annotations

Branches:
Dungeon (10/15)            Temple (1/1) D:4
   Lair: D:8-11         Orc: D:9-12

Altars:
Ashenzari
Cheibriados
Dithmenos
Elyvilon
Fedhas
Gozag
Hepliaklqana
Kikubaaqudgha
Makhleb
Nemelex Xobeh
Okawaru
Qazlal
Ru
Sif Muna
Trog
Uskayaw
Vehumet
Wu Jian
Xom
Yredelemnul
Zin
The Shining One

Shops:
D:5 *   D:6 (

Annotations:
D:1 some scrolls behind a wall
D:3 1 runed translucent door, Fandomethor's ghost, amateur OpTm
D:6 2 transporters, AntidotE's ghost, novice FoFi


Innate Abilities, Weirdness & Mutations

You cannot wear boots.
Your serpentine skin is tough. (AC +3)
You have supernaturally acute eyesight. (SInv)
Armour fits poorly on your strangely shaped body.
Your system is resistant to poisons. (rPois)
You cover ground very slowly.
You have a slow metabolism.
You can spit poison.


Message History

There is a stone staircase leading up here.
You climb upwards.
Level annotation: 1 runed translucent door, Fandomethor's ghost, amateur OpTm
There is a stone staircase leading down here.
There is a stone staircase leading up here.
You climb upwards.
There is a stone staircase leading down here.
There is a stone staircase leading up here.
You climb upwards.
Level annotation: some scrolls behind a wall
There is a stone staircase leading down here.
(D) Dungeon (T) Temple
Where to? (Enter - D:1, ? - help)
Okay, then.
You open the door.
There is an open door here.
There is a staircase leading out of the dungeon here.
You can't go down here!
Are you sure you want to leave the Dungeon?
This will make you lose the game!
You have escaped!

##...........####..#####.#
#.##.#
#......#######.....#####.#
#.....
.......###...#.....#...#.#
####.#
#....)####.8.#.....#.8.#.# #.#
##....#
##...#.....#...#.######.#
##.#.#
######.....#####........#
###.###....[...........########
#.##.................# ##..
####.##........@........# #...
#......................## #.)#
#.##.###...............# ##..#
##.##.# ######.....###### #....
......####...#.....#...## #...#
.#.#...###?8.#.....#.8.## #...#
.#.......#...#.....#...## #....
####...#######.....###### #.#..
##.##########.######## #.###


There were no monsters in sight!

Vanquished Creatures
  Erolcha (D:10)
  Erica (D:10)
  2 two-headed ogres
  Pikel (D:7)
  Joseph (D:7)
  3 hippogriffs
  Prince Ribbit (D:7)
  Sigmund (D:2)
  6 yaks (D:5)
  3 hungry ghosts
  Menkaure (D:6)
  3 orc warriors
  2 black bears
  3 ice beasts
  A necrophage (D:7)
  2 phantoms
  3 sky beasts
  2 ogres
  3 centaurs
  A wyvern zombie (D:9)
  7 bullfrogs
  A wyvern skeleton (D:9)
  3 scorpions
  8 killer bees
  2 howler monkeys
  2 wights (D:9)
  A bullfrog zombie (D:5)
  6 crimson imps
  5 jellies
  Crazy Yiuf (D:3)
  4 orc priests
  A centaur skeleton (D:7)
  7 hounds
  10 orc wizards
  2 bullfrog skeletons
  4 iguanas
  6 worker ants
  A hound skeleton (D:6)
  A worker ant zombie (D:6)
  7 gnolls
  8 adders
  2 shadow imps
  An ooze (D:1)
  2 adder skeletons
  An adder zombie (D:6)
  5 worms
  4 dart slugs
  8 leopard geckos
  36 orcs
  A ball python (D:1)
  2 giant cockroaches
  9 goblins
  9 hobgoblins
  8 jackals
  6 quokkas
  10 bats
  9 frilled lizards
  13 kobolds
  A leopard gecko zombie (D:5)
  A quokka skeleton (D:9)
  A quokka zombie (D:5)
  12 rats
269 creatures vanquished.

Vanquished Creatures (others)
  A slave (D:7)
  A crimson imp (D:7)
  An orc wizard (D:7)
  2 orcs
  A withered plant (D:3)
6 creatures vanquished.

Grand Total: 275 creatures vanquished

Notes
Turn   | Place    | Note
-------+----------+-------------------------------------------
     0 | D:1      | GameOver the Naga Wizard began the quest for the Orb.
     0 | D:1      | Reached XP level 1. HP: 15/15 MP: 4/4
    62 | D:1      | Reached XP level 2. HP: 22/22 MP: 6/6
   297 | D:1      | Reached XP level 3. HP: 27/28 MP: 5/7
   301 | D:1      | Learned a level 2 spell: Blink
   305 | D:1      | Learned a level 3 spell: Mephitic Cloud
  1084 | D:2      | Reached XP level 4. HP: 30/36 MP: 3/8
  1089 | D:2      | Learned a level 3 spell: Conjure Flame
  1293 | D:2      | Noticed Sigmund
  1313 | D:2      | Killed Sigmund
  1313 | D:2      | Reached skill level 5 in Conjurations
  1313 | D:2      | Reached XP level 5. HP: 21/42 MP: 4/9
  1461 | D:2      | Found a stormy altar of Qazlal.
  1463 | D:2      | Found an ornate altar of the Wu Jian Council.
  1587 | D:2      | Reached XP level 6. HP: 49/49 MP: 8/10
  1628 | D:2      | Found a shimmering altar of Xom.
  1887 | D:3      | Found a shadowy altar of Dithmenos.
  2083 | D:3      | Found a runed translucent door.
  2084 | D:3      | Noticed Fandomethor's ghost (amateur OpTm)
  2100 | D:3      | Reached skill level 1 in Poison Magic
  2346 | D:3      | Found a runed translucent door.
  2347 | D:3      | Noticed Crazy Yiuf
  2357 | D:3      | Killed Crazy Yiuf
  2665 | D:4      | Reached skill level 5 in Stealth
  2665 | D:4      | Reached XP level 7. HP: 41/55 MP: 9/11
  2675 | D:4      | Found a shimmering blue altar of Sif Muna.
  2678 | D:4      | Found a hide-covered altar of Uskayaw.
  2740 | D:4      | Noticed a moth of wrath
  2743 | D:4      | Found a bloodstained altar of Trog.
  2868 | D:4      | Found a staircase to the Ecumenical Temple.
  2875 | Temple   | Entered the Ecumenical Temple
  2948 | Temple   | Became a worshipper of Kikubaaqudgha
  3113 | D:4      | Reached skill level 1 in Armour
  3113 | D:4      | Reached skill level 5 in Poison Magic
  3164 | D:4      | Got an ivory flail
  3165 | D:4      | Identified the +7 flail of Valiance {crush, MR+} (You found
                  | it on level 4 of the Dungeon)
  3225 | D:5      | Entered Level 5 of the Dungeon
  3256 | D:5      | Found a shimmering altar of Xom.
  3262 | D:5      | Reached skill level 1 in Maces & Flails
  3298 | D:5      | Upgraded the game from 0.25-a0-184-gcd15a05269 to
                  | 0.25-a0-194-gece12570e2
  3416 | D:5      | Reached XP level 8. HP: 62/62 MP: 12/12
  3495 | D:5      | Reached skill level 2 in Maces & Flails
  3686 | D:5      | Noticed a yak
  3686 | D:5      | Noticed a yak
  3686 | D:5      | Noticed a yak
  3686 | D:5      | Noticed a yak
  3686 | D:5      | Noticed a yak
  3687 | D:5      | Noticed a yak
  3694 | D:5      | Killed a yak
  3695 | D:5      | Killed a yak
  3695 | D:5      | Reached skill level 3 in Maces & Flails
  3697 | D:5      | Killed a yak
  3703 | D:5      | Killed a yak
  3703 | D:5      | Reached * piety under Kikubaaqudgha
  3703 | D:5      | Identified Kikubaaqudgha's Guide on Black Arts
                  | (Kikubaaqudgha gifted it to you on level 5 of the Dungeon)
  3703 | D:5      | Received a gift from Kikubaaqudgha
  3703 | D:5      | Reached skill level 4 in Maces & Flails
  3711 | D:5      | Killed a yak
  3721 | D:5      | Killed a yak
  3721 | D:5      | Reached XP level 9. HP: 65/68 MP: 1/13
  3729 | D:5      | Learned a level 3 spell: Regeneration
  3757 | D:5      | Found Teazil's General Store.
  3765 | D:5      | Bought a scroll of identify for 26 gold pieces
  3765 | D:5      | Bought a scroll of identify for 26 gold pieces
  3765 | D:5      | Bought a scroll of identify for 26 gold pieces
  3765 | D:5      | Bought a potion of degeneration for 13 gold pieces
  3941 | D:5      | Reached skill level 5 in Maces & Flails
  4205 | D:6      | Found a transporter.
  4378 | D:6      | Reached skill level 5 in Armour
  4415 | D:6      | Noticed AntidotE's ghost (novice FoFi)
  4427 | D:6      | Found a transporter.
  4453 | D:6      | Noticed Menkaure
  4455 | D:6      | Killed Menkaure
  4484 | D:6      | Reached skill level 6 in Maces & Flails
  4568 | D:6      | Noticed a two-headed ogre
  4573 | D:6      | Killed a two-headed ogre
  4573 | D:6      | Reached skill level 7 in Maces & Flails
  4705 | D:6      | Found Jisazxac's Antique Weapon Emporium.
  5038 | D:7      | Reached skill level 1 in Fighting
  5038 | D:7      | Reached XP level 10. HP: 78/78 MP: 14/14
  5095 | D:7      | Found a shimmering altar of Xom.
  5106 | D:7      | Reached skill level 1 in Necromancy
  5130 | D:7      | Noticed Joseph
  5149 | D:7      | Killed Joseph
  5149 | D:7      | Reached skill level 1 in Charms
  5153 | D:7      | Reached skill level 8 in Maces & Flails
  5505 | D:7      | Noticed Prince Ribbit
  5531 | D:7      | Killed Prince Ribbit
  5689 | D:7      | Noticed Pikel
  5705 | D:7      | Killed Pikel
  6069 | D:7      | Reached ** piety under Kikubaaqudgha
  6314 | D:8      | Reached skill level 9 in Maces & Flails
  6687 | D:9      | Reached XP level 11. HP: 91/91 MP: 9/15
  6869 | D:9      | Reached skill level 5 in Necromancy
  6878 | D:9      | Noticed a two-headed ogre
  6895 | D:9      | Reached *** piety under Kikubaaqudgha
  6895 | D:9      | Identified Kikubaaqudgha's Collected Works on Evil
                  | (Kikubaaqudgha gifted it to you on level 9 of the Dungeon)
  6895 | D:9      | Received a gift from Kikubaaqudgha
  6905 | D:9      | Killed a two-headed ogre
  6936 | D:9      | Got a jewelled leather armour
  6947 | D:9      | Identified the +0 leather armour of Lifelessness {*Corrode
                  | rC+ Str+2} (You found it on level 9 of the Dungeon)
  7352 | D:10     | Entered Level 10 of the Dungeon
  7412 | D:10     | Noticed Erica
  7413 | D:10     | Upgraded the game from 0.25-a0-194-gece12570e2 to
                  | 0.25-a0-283-ge7e91ba8d0
  7511 | D:10     | Killed Erica
  7634 | D:10     | Reached **** piety under Kikubaaqudgha
  7654 | D:10     | Noticed Erolcha
  7669 | D:10     | Killed Erolcha
  7669 | D:10     | Reached skill level 10 in Maces & Flails
  7671 | D:10     | Upgraded the game from 0.25-a0-283-ge7e91ba8d0 to
                  | 0.25-a0-413-g3b4b6a4ccc
  7914 | D:$      | Got out of the dungeon alive.

Levels and vault maps discovered:
D:1:      minmay_arrival_glassed_features, layout_loops_corners
D:2:      layout_loops_corners, gammafunk_temple_overflow_pools, serial_forest,
          infiniplex_forest_end_double, infiniplex_forest_straight_1,
          infiniplex_forest_straight_3, infiniplex_forest_end_1,
          infiniplex_forest_clump_double, tgw_xom, uniq_sigmund
D:3:      layout_loops_ring, gammafunk_ghost_grave, grunt_dithmenos_smoke,
          uniq_crazy_yiuf_cottage
D:4:      layout_basic, grunt_temple_overflow_open, tgw_trog,
          minmay_temple_entry_arrows
D:5:      layout_loops_corners, old_standard_altar, serial_shops, shop,
          first_ration
D:6:      layout_basic, gammafunk_ghost_stat_death, serial_shops, shop,
          amethyst_killhole, minmay_three_doors, uniq_menkaure
D:7:      minmay_opposing_rooms, layout_basic, basic_altar, uniq_joseph,
          uniq_prince_ribbit1, uniq_pikel
D:8:      layout_cave_pools
D:9:      layout_long_grid
D:10:     layout_roguey, lair_entry_dummy, orc_0_dummy, uniq_erolcha, uniq_erica
Temple:   eino_temple_scatter_basement

Skill      XL: |  1  2  3  4  5  6  7  8  9 10 11 |
---------------+----------------------------------+-----
Conjurations   | 2 3 5 6 |  6.4
Poison Magic   | 3 5 6 |  6.2
Stealth        | 5 6 |  6.1
Armour         | 1 4 6 |  6.2
Maces & Flails | 1 4 7 9 10 | 10.0
Fighting       | 1 3 4 |  4.8
Necromancy     | 4 6 |  6.3
Charms         | 3 4 |  4.0
Dodging        | |  1.5
Spellcasting   | |  3.0
Summonings     | |  1.0
Translocations | |  1.0

Action                   |  1- 3 |  4- 6 |  7- 9 | 10-12 || total
-------------------------+-------+-------+-------+-------++-------
Melee: Dagger            |     1 |       |       |       ||     1
       Rapier            |       |    10 |       |       ||    10
       Quarterstaff      |       |    10 |    16 |       ||    26
       Short sword       |       |     3 |       |       ||     3
       Flail             |       |       |   100 |   217 ||   317
 Cast: Magic Dart        |    31 |    58 |    88 |    90 ||   267
       Mephitic Cloud    |       |     3 |     7 |    28 ||    38
       Conjure Flame     |       |       |     4 |    10 ||    14
       Blink             |       |       |       |     5 ||     5
       Regeneration      |       |       |       |     5 ||     5
 Abil: Spit Poison       |    30 |    38 |    57 |    65 ||   190
  Use: Scroll            |       |       |     9 |       ||     9
 Stab: Sleeping          |     1 |       |     3 |     2 ||     6
       Confused          |       |       |     4 |    13 ||    17
  Eat: Chunk             |     2 |     6 |    11 |    18 ||    37
Armor: Robe              |     2 |    10 |    36 |    73 ||   121
Dodge: Dodged            |     5 |    13 |    26 |    60 ||   104
Block: Other             |       |     5 |    13 |    53 ||    71
       Reflection        |       |       |       |     2 ||     2

Table legend:
 A = Non-vault XP
 B = Vault XP
 C = Vault XP percentage of total XP
 D = Non-vault monster count
 E = Vault monster count
 F = Vault count percentage of total count
                 A         B        C        D         E       F
            +---------+---------+-------+---------+---------+-------
      Total |    9213 |    5191 |  36.0 |     241 |      30 |  11.1
            +---------+---------+-------+---------+---------+-------
        D:1 |      54 |       0 |   0.0 |      28 |       0 |   0.0
        D:2 |      57 |     226 |  79.9 |      22 |       7 |  24.1
        D:3 |     122 |      41 |  25.2 |      18 |       1 |   5.3
        D:4 |     513 |      13 |   2.5 |      25 |       5 |  16.7
        D:5 |    1604 |       0 |   0.0 |      33 |       0 |   0.0
        D:6 |     861 |    1153 |  57.2 |      22 |       4 |  15.4
        D:7 |    1472 |    1826 |  55.4 |      18 |      11 |  37.9
        D:8 |     848 |       0 |   0.0 |      11 |       0 |   0.0
        D:9 |    3271 |       0 |   0.0 |      54 |       0 |   0.0
       D:10 |     411 |    1932 |  82.5 |      10 |       2 |  16.7
            +---------+---------+-------+---------+---------+-------
